 Dungeon Crawl Stone Soup version 0.30.1-9-gdf580d7c3d (webtiles) character file.

Game seed: 5764152604634806570

844 kingsuperguy the Skirmisher (level 7, -3/90 HPs)
             Began as a Minotaur Hunter on Sept 29, 2023.
             Was an Initiate of Okawaru.
             Slain by a gnoll
             ... wielding a +0 club
             ... led by a gnoll sergeant
              (7 damage)
             ... on level 5 of the Dungeon.
             The game lasted 00:08:58 (4789 turns).

kingsuperguy the Skirmisher (Minotaur Hunter)       Turns: 4789, Time: 00:08:59

Health: -3/90      AC: 23    Str: 15    XL:     7   Next: 68%
Magic:  6/6        EV:  2    Int:  6    God:    Okawaru [......]
Gold:   231        SH:  0    Dex: 16    Spells: 6/6 levels left

rFire   . . .        a - +0 shortbow
rCold   . . .        (shield currently unavailable)
rNeg    . . .        c - melded +0 leather armour
rPois   +            (helmet currently unavailable)
rElec   .            n - melded scarf {harm}
rCorr   .            p - melded +0 pair of gloves
SInv    .            (boots currently unavailable)
Will    .....        (no amulet)
Stlth   ++           (no ring)
HPRegen 0.35/turn    (no ring)
MPRegen 0.10/turn

%: no passive effects
@: tree-form
A: stationary, stasis, torment immunity, boosted hp, (horns 2), (retaliatory
headbutt)
a: Renounce Religion


You were on level 5 of the Dungeon.
You worshipped Okawaru.
Okawaru was noncommittal.
You were a tree.
You visited 2 branches of the dungeon, and saw 6 of its levels.
You also visited: Sewer.

You collected 287 gold pieces.
You spent 56 gold pieces at shops.

Inventory:

Hand Weapons
 a - a +0 shortbow (weapon)
Missiles
 f - 3 boomerangs
 g - 5 poisoned darts
Armour
 c - a +0 leather armour (melded)
 l - a +0 scale mail
 n - a scarf of harm (melded)
 p - a +0 pair of gloves (melded)
Jewellery
 e - a ring of willpower
Wands
 r - a wand of flame (7)
Scrolls
 b - 4 scrolls of immolation
 d - a scroll of summoning
 i - 2 scrolls of identify
 j - 2 scrolls of amnesia
 q - a scroll of torment {unknown}
 s - 4 scrolls of teleportation
Potions
 h - a potion of lignification
 k - 3 potions of degeneration


   Skills:
 + Level 4.7 Fighting
 + Level 9.1 Ranged Weapons
 + Level 3.0 Armour
 + Level 2.6 Dodging
 + Level 1.3 Stealth


You had 6 spell levels left.
You didn't know any spells.
Your spell library contained the following spells:

 Spells                   Type           Power      Damage    Failure   Level
 Freeze                   Ice            0%         1d3       45%         1
 Magic Dart               Conj           0%         1d3       45%         1
 Blink                    Tloc           0%         N/A       58%         2
 Lesser Beckoning         Tloc           0%         N/A       58%         2
 Momentum Strike          Conj/Tloc      0%         3d8       58%         2
 Searing Ray              Conj           0%         2d4       58%         2
 Frozen Ramparts          Ice            0%         1d1       83%         3
 Hailstorm                Conj/Ice       0%         3d3       83%         3
 Anguish                  Hex/Necr       0%         N/A       99%         4
 Cause Fear               Hex            0%         N/A       99%         4
 Fulminant Prism          Conj/Hex       0%         3d5       99%         4
 Fireball                 Conj/Fire      0%         3d3       100%        5
 Iskenderun's Battlesphe  Conj           0%         2d6       100%        5
 Conjure Ball Lightning   Conj/Air       0%         3x3d6     100%        6
 Enfeeble                 Hex            0%         N/A       100%        7
 Orb of Destruction       Conj           0%         9d5       100%        7


Dungeon Overview and Level Annotations

Branches:
Dungeon (5/15)             Temple (1/1) D:4           Sewer (visited)

Altars:
Ashenzari
Cheibriados
Elyvilon
Fedhas
Gozag
Hepliaklqana
Kikubaaqudgha
Makhleb
Nemelex Xobeh
Okawaru
Qazlal
Sif Muna
Wu Jian
Xom
Yredelemnul

Shops:
D:2 !


Innate Abilities, Weirdness & Mutations

You are a tree.
Your roots penetrate the ground, keeping you stationary.
You cannot be teleported.
You are immune to unholy pain and torment.
Your maximum health is greatly increased.
Your equipment is partially melded.
((You have a pair of horns on your head.))
((You reflexively headbutt those who attack you in melee.))


Message History

Press: ? - help, Q - select action, (/) - cycle Shift-Dir - straight line, f/p - gnoll
Aim: a gnoll, wielding a +0 whip (severely wounded, 69% to hit)
You shoot an arrow. The arrow closely misses the gnoll.
The arrow hits the gnoll but does no damage.
The gnoll is severely wounded.
The gnoll hits you with a +0 whip!
* * * LOW HITPOINT WARNING * * *
Aiming: Throw Flame
Press: ? - help, Q - select action, (/) - cycle Shift-Dir - straight line, f - gnoll, p - gnoll
Aim: a gnoll, wielding a +0 club and quivering 2 throwing nets (severely wounded, 72% to hit)
The puff of flame hits the gnoll.
You kill the gnoll!
Okawaru accepts your kill. The gnoll attacks as you move away!
The gnoll hits you with a +0 club.
* * * LOW HITPOINT WARNING * * *
The gnoll attacks as you move away! The gnoll hits you with a +0 club.
* * * LOW HITPOINT WARNING * * *
It was a potion of magic.
Magic courses through your body. The gnoll hits you with a +0 club.
* * * LOW HITPOINT WARNING * * *
It was a potion of lignification.
You turn into a tree.
Your scarf of harm melds into your body.
Your +0 pair of gloves melds into your body.
Your +0 leather armour melds into your body.
Your roots penetrate the ground.
The gnoll hits you from afar with a +0 spear.
* * * LOW HITPOINT WARNING * * *
The gnoll hits you but does no damage.
As you read the scroll labelled WETHRE LIRHOGANU, it crumbles to dust.
It is a scroll of amnesia.
You feel forgetful for a moment.
The gnoll hits you but does no damage. x2
As you read the scroll labelled JIPTIETUGUOZA, it crumbles to dust.
It is a scroll of identify.
s - 4 scrolls of teleportation The gnoll hits you but does no damage. x2
The air fills with toxic fumes!
As you read the scroll labelled WYIX VUSAUBYTE, it crumbles to dust.
It was a scroll of poison.
The gnoll hits you but does no damage. The gnoll hits you with a +0 club!
You die...

#. .........g#.#
.## ######.#.#.# ..
........#g..#
.###########.#####
...<.......#gg)§§#
.....#####.#.###g#
#.#.)..#.......#g#
#.#....#.#.#.#.#g#
#.#..#)#.#.#.#.#♣#
#.#..#.#.#.#[#.#§#
#.#..#.....#.#.#§§
#.#..#)#..##.#.####
#.#..#.#.....)...#
..#..#.#.....#.#.#
###..#.#..>###.#.#
.....#.#.#.# #.#.#
####.#.#.#.# #.#.#


You could see 3 gnolls.

Vanquished Creatures
  A centaur (D:5)
  A bullfrog (Sewer)
  A gnoll sergeant (D:5)
  An orc priest (D:5)
  A hound (D:4)
  Jessica (D:3)
  Ijyb (D:3)
  An orc wizard (Temple)
  9 gnolls
  9 adders
  2 river rats (D:4)
  6 worms
  4 dart slugs
  5 orcs
  6 endoplasms
  8 giant cockroaches
  7 goblins
  3 hobgoblins
  2 jackals (D:3)
  6 kobolds
  7 quokkas
  13 ball pythons
  6 bats
  8 frilled lizards
  7 rats
116 creatures vanquished.

Vanquished Creatures (collateral kills)
  Grinder (D:3)
1 creature vanquished.

Grand Total: 117 creatures vanquished

Notes
Turn   | Place    | Note
-------+----------+-------------------------------------------
     0 | D:1      | kingsuperguy the Minotaur Hunter began the quest for the
                  | Orb.
     0 | D:1      | Reached XP level 1. HP: 18/18 MP: 0/0
   126 | D:1      | Reached XP level 2. HP: 25/25 MP: 1/1
   242 | D:1      | Reached skill level 5 in Ranged Weapons
   516 | D:1      | Reached XP level 3. HP: 30/30 MP: 2/2
  1179 | D:2      | Found Qixy's Distillery.
  1195 | D:2      | Bought a potion of degeneration for 14 gold pieces
  1195 | D:2      | Bought a potion of curing for 42 gold pieces
  1223 | D:2      | Reached XP level 4. HP: 37/37 MP: 3/3
  1245 | D:2      | Reached skill level 1 in Stealth
  1525 | D:3      | Reached skill level 6 in Ranged Weapons
  1549 | D:3      | Found a faded altar of an unknown god.
  1687 | D:3      | Noticed Ijyb
  1692 | D:3      | Killed Ijyb
  1805 | D:3      | Noticed Jessica
  1809 | D:3      | Killed Jessica
  1810 | D:3      | Reached XP level 5. HP: 45/45 MP: 4/4
  1838 | D:3      | Noticed Grinder
  1838 | D:3      | Paralysed by Grinder for 2 turns
  1848 | D:3      | HP: 1/45 [Grinder/nerve-wracking pain (15)]
  1854 | D:3      | Killed Grinder
  1855 | D:3      | Reached skill level 7 in Ranged Weapons
  1855 | D:3      | Reached skill level 1 in Armour
  1855 | D:3      | Reached XP level 6. HP: 5/51 MP: 5/5
  2590 | D:4      | Reached skill level 8 in Ranged Weapons
  2597 | D:4      | Found a glowing drain.
  2601 | Sewer    | Entered a sewer
  2762 | Sewer    | Reached XP level 7. HP: 43/58 MP: 6/6
  3289 | D:4      | Found a staircase to the Ecumenical Temple.
  3308 | Temple   | Entered the Ecumenical Temple
  3334 | Temple   | Became a worshipper of Warmaster Okawaru
  4250 | D:5      | Entered Level 5 of the Dungeon
  4777 | D:5      | Reached skill level 9 in Ranged Weapons
  4785 | D:5      | HP: 3/60 [gnoll/+0 club[a gnoll sergeant] (2)]
  4789 | D:5      | Slain by a gnoll

Illustrated notes

Levels and vault maps discovered:
D:1:      heliophobic_arrival_battle_scene, layout_loops_ring,
          chequers_serial_rivers_marsh, minmay_tetromino_s4
D:2:      layout_loops_ring, serial_shops, nicolae_shop_crystal
D:3:      layout_loops_ring, hellmonk_ecumenical_altar_dog_temple, uniq_ijyb,
          uniq_grinder, uniq_jessica
D:4:      layout_layer_cave, minmay_temple_entry_slanted,
          gup_sewer_entry_spiral, chequers_serial_rivers_small_a
D:5:      layout_basic
Temple:   hellmonk_temple_two_chambers

Skill      XL: |  1  2  3  4  5  6  7 |
---------------+----------------------+-----
Ranged Weapons | 5 6 7 8 9 |  9.1
Stealth        | 1 |  1.3
Fighting       | 3 4 |  4.7
Armour         | 1 3 |  3.0
Dodging        | |  2.6

Action                     |  1- 3 |  4- 6 |  7- 9 || total
---------------------------+-------+-------+-------++-------
  Melee: Shortbow          |       |       |     4 ||     4
   Fire: Shortbow          |   102 |   155 |    90 ||   347
  Evoke: Wand              |       |       |     6 ||     6
    Use: Potion            |       |     4 |     2 ||     6
         Scroll            |       |     2 |     3 ||     5
 Armour: Leather armour    |     9 |     6 |    12 ||    27
         Skin              |       |       |     6 ||     6
  Dodge: Dodged            |    29 |    18 |    15 ||    62
